 Dungeon Crawl Stone Soup version 0.14-a0-1007-gacdcbbe (webtiles) character file.

913 PolkaDot the Ruinous (level 7, 0/46 HPs)
             Began as a Vampire Conjurer on Nov 22, 2013.
             Was a Follower of Vehumet.
             Slain by a hound zombie (3 damage)
             ... in an ossuary.
             The game lasted 00:18:05 (3655 turns).

PolkaDot the Ruinous (Vampire Conjurer)             Turns: 3655, Time: 00:18:05

HP   0/46        AC  4     Str  7      XL: 7   Next: 69%
MP   3/15        EV 12     Int 21      God: Vehumet [*.....]
Gold 63          SH  0     Dex 14      Spells:  4 memorised,  4 levels left

Res.Fire  : x . .   See Invis. : +   h - +11,+6 long sword of Doom {flame, SInv}
Res.Cold  : + . .   Warding    : .   a - +0 robe
Life Prot.: + . .   Conserve   : .   (no shield)
Res.Poison: .       Res.Corr.  : .   (no helmet)
Res.Elec. : .       Clarity    : .   (no cloak)
Sust.Abil.: . .     Spirit.Shd : .   (no gloves)
Res.Mut.  : .       Stasis     : .   s - +1 pair of boots (curse)
Res.Rott. : .       Flight     : .   (no amulet)
Saprovore : . . .                    t - +2 ring of intelligence
                                     q - ring of ice

@: very slightly contaminated, hasted, very quick, slightly resistant to hostile
enchantments, stealthy
A: bottle blood, fangs 3, see invisible, unbreathing
a: Bat Form, Bottle Blood, Renounce Religion


You were in an ossuary.
You worshipped Vehumet.
Vehumet was aware of your devotion.
You were not thirsty.

You visited 1 branch of the dungeon, and saw 5 of its levels.
You also visited: Ossuary.

You collected 262 gold pieces.
You spent 199 gold pieces at shops.

Inventory:

Hand weapons
 d - a +1,+1 short sword of protection
 h - the +11,+6 long sword of Doom (weapon) {flame, SInv}
   (You bought it in a shop on level 5 of the Dungeon)

   It emits flame when wielded, causing extra injury to most foes and up to
   double damage against particularly susceptible opponents.
   Big, fiery blades are also staple armaments of hydra-hunters.
   It enhances your eyesight.
Armour
 a - a +0 robe (worn)
 s - a cursed +1 pair of boots (worn)
Magical devices
 k - a wand of slowing (13)
 m - a wand of frost (12)
 u - a wand of draining (5)
Scrolls
 b - a scroll of fear {unknown}
 e - 2 scrolls of identify
 f - 5 scrolls of remove curse {unknown}
 i - a scroll of blinking {unknown}
 n - 2 scrolls of enchant armour
Jewellery
 q - a ring of ice (left hand)
 t - a +2 ring of intelligence (right hand)
Books
 c - a book of Conjurations

   Spells                             Type                      Level
   *Magic Dart                        Conjuration                  1
   *Searing Ray                       Conjuration                  2
   Dazzling Spray                     Conjuration/Hexes            3
   Iskenderun's Mystic Blast          Conjuration                  4
   *Iskenderun's Battlesphere         Conjuration/Charms           4
   Fulminant Prism                    Conjuration/Hexes            5


   Skills:
 - Level 2.1 Dodging
 - Level 3.0 Stealth
 + Level 3.1 Spellcasting
 * Level 6.4 Conjurations
 + Level 2.1 Charms
 + Level 1.6 Air Magic


You had 4 spell levels left.
You knew the following spells:

 Your Spells              Type           Power        Failure   Level  Hunger
a - Shock                 Conj/Air       ###.         2%          1    None
s - Searing Ray           Conj           ####..       1%          2    ##.....
x - Iskenderun's Battles  Conj/Chrm      ###.....     24%         4    ####...
z - Magic Dart            Conj           ####         1%          1    None


Dungeon Overview and Level Annotations

Branches:
Dungeon (5/16)
 Temple: D:4-7

Altars:
Vehumet

Shops:
D:5 (


Innate Abilities, Weirdness & Mutations

You can bottle blood from corpses.
You have razor-sharp teeth.*
You have supernaturally acute eyesight.
You can survive without breathing.*


Message History

Vehumet accepts your kill. The goblin zombie hits you.
The hound zombie bites you.
* * * LOW HITPOINT WARNING * * *
The human zombie closely misses you.
You closely miss the goblin zombie. The hound zombie closely misses you.
The goblin zombie hits you but does no damage.
The goblin zombie hits you.
* * * LOW HITPOINT WARNING * * *
The human zombie hits you but does no damage.
You hit the goblin zombie. You burn the goblin zombie.
The hound zombie closely misses you. The goblin zombie barely misses you.
The goblin zombie closely misses you.
You slash the goblin zombie! You burn the goblin zombie.
You destroy the goblin zombie!
Vehumet accepts your kill.
You feel your power returning. The hound zombie barely misses you.
The human zombie hits you!
* * * LOW HITPOINT WARNING * * *
The hound zombie bites you.
You die...

####...... ####
#.................
#.................
#.....# ..........
#.....##..........
#zz....zz.z.....*.
#.z#..............
#zz##....zz.......
#@.##.....z..z.z∩.
#zz##....z........
#..#..............
#.................
#.................
#.....##..........
#.....# ..........
#...... ..........
#.. . . ....


You could see an adder zombie, a hound zombie, a goblin zombie, a gnoll zombie,
a kobold zombie and 2 human zombies.

Vanquished Creatures
  The ghost of ark the Ruffian, an average TrEE (Ossuary)
  The ghost of deathofrats the Chucker, an average TrHu (D:4)
  A giant frog (D:3)
  A crimson imp (D:3)
  A human zombie (Ossuary)
  2 hounds (D:4)
  2 scorpions
  A worker ant (D:4)
  2 orc wizards (D:4)
  Jessica (D:2)
  An ogre skeleton (D:4)
  A hound zombie (D:3)
  A mummy (Ossuary)
  5 adders
  3 worms
  An iguana skeleton (D:4)
  An adder skeleton (D:4)
  2 oozes
  5 orcs
  16 bats
  A bat skeleton (D:4)
  8 giant cockroaches
  2 hobgoblins
  3 jackals (D:3)
  4 kobolds
  3 quokkas
  2 ball pythons
  3 giant geckos
  6 giant newts
  9 goblins
  A goblin zombie (Ossuary)
  A hobgoblin skeleton (D:4)
  A hobgoblin zombie (Ossuary)
  6 rats
  2 rat zombies (Ossuary)
101 creatures vanquished.

Notes
Turn   | Place    | Note
--------------------------------------------------------------
     0 | D:1      | PolkaDot, the Vampire Conjurer, began the quest for the Orb.
     0 | D:1      | Reached XP level 1. HP: 13/13 MP: 4/4
   237 | D:1      | Reached XP level 2. HP: 19/19 MP: 5/5
   242 | D:1      | Learned a level 2 spell: Searing Ray
   810 | D:2      | Noticed Jessica
   817 | D:2      | Killed Jessica
   817 | D:2      | Reached XP level 3. HP: 24/24 MP: 6/6
   842 | D:2      | Reached skill level 4 in Conjurations
  1049 | D:2      | Reached XP level 4. HP: 30/30 MP: 8/8
  1402 | D:3      | Found a radiant altar of Vehumet.
  1422 | D:3      | Became a worshipper of Vehumet
  1692 | D:3      | Noticed a giant frog
  1701 | D:3      | Killed a giant frog
  1701 | D:3      | Reached skill level 5 in Conjurations
  1701 | D:3      | Reached XP level 5. HP: 25/35 MP: 9/9
  2476 | D:4      | Reached XP level 6. HP: 41/41 MP: 4/10
  2657 | D:4      | Noticed deathofrats' ghost (average TrHu)
  2666 | D:4      | Learned a level 4 spell: Iskenderun's Battlesphere
  2980 | D:3      | Reached skill level 6 in Conjurations
  3081 | D:4      | Killed deathofrats' ghost
  3081 | D:4      | Reached XP level 7. HP: 46/46 MP: 3/14
  3333 | D:5      | Entered Level 5 of the Dungeon
  3363 | D:5      | Reached skill level 1 in Charms
  3403 | D:5      | Found Chisopomue's Antique Weapon Boutique.
  3410 | D:5      | Bought a faintly glowing long sword for 199 gold pieces
  3411 | D:5      | Identified the +11,+6 long sword of Doom {flame, SInv} (You bought it in a shop on level 5 of the Dungeon)
  3411 | D:5      | Identified the +11,+6 long sword of Doom {flame, SInv} (You bought it in a shop on level 5 of the Dungeon)
  3486 | D:5      | Acquired Vehumet's first power
  3486 | D:5      | Offered knowledge of Shock by Vehumet.
  3514 | D:5      | Found a sand-covered staircase.
  3605 | Ossuary  | Entered an ossuary
  3608 | Ossuary  | Learned a level 1 spell: Shock
  3617 | Ossuary  | Noticed ark's ghost (average TrEE)
  3639 | Ossuary  | Killed ark's ghost
  3639 | Ossuary  | Reached skill level 1 in Air Magic
  3655 | Ossuary  | Slain by a hound zombie

Action                   |  1- 3 |  4- 6 |  7- 9 || total
-------------------------+-------+-------+-------++-------
Melee: Unarmed           |    16 |       |       ||    16
       Short sword       |   113 |   293 |    12 ||   418
       Long sword        |       |       |    30 ||    30
 Cast: Magic Dart        |    12 |    16 |     6 ||    34
       Searing Ray       |     1 |    10 |     3 ||    14
       Iskenderun's Batt |       |     1 |     1 ||     2
  Use: Potion            |       |     9 |     7 ||    16
       Scroll            |       |     1 |     7 ||     8
 Stab: Sleeping          |     3 |     3 |       ||     6
